Selects Australian Defense Battlegroup
Selects Australian Light Infantry Section
Australian Light Infantry Section
Construct Section Command Post
Australian Light Infantry Section
Australian Light Infantry Section
Selects CMP 15cwt Supply Run
Construct Platoon Command Post
Selects Reinforced Resource Caches
Construct Company Command Post
Selects Defensive Tactics
Unlock M3 Grant Medium Tanks
Selects Charged Creeping Barrage
Selects Vehicle Over Repair